 Dungeon Crawl Stone Soup version 0.29.1-1-gd02db69 (webtiles) character file.

Game seed: 12634463836980589339

305 bruuuuuh the Cudgeller (level 6, -1/47 HPs)
             Began as a Human Berserker on Oct 6, 2023.
             Was a Believer of Trog.
             Slain by a gnoll
             ... wielding a +0 spear
              (7 damage)
             ... on level 3 of the Dungeon.
             The game lasted 00:09:35 (2711 turns).

bruuuuuh the Cudgeller (Human Berserker)            Turns: 2711, Time: 00:09:36

Health: -1/47      AC:  8    Str: 17    XL:     6   Next: 66%
Magic:  6/6        EV: 15    Int:  8    God:    Trog [**....]
Gold:   178        SH:  0    Dex: 14    Spells: 5/5 levels left

rFire   . . .      SeeInvis .   a - +0 mace
rCold   . . .      Faith    .   (no shield)
rNeg    . . .      Spirit   .   n - +0 ring mail
rPois   .          Reflect  .   (no helmet)
rElec   .          Harm     .   o - +1 cloak of Starlight {*Dazzle EV+4 Stlth--}
rCorr   .          Rampage  .   (no gloves)
Will    ++...                   f - +0 pair of boots
Stlth   ..........              (no amulet)
HPRegen 1.15/turn               (no ring)
MPRegen 0.10/turn               (no ring)

@: strong-willed, on berserk cooldown, regenerating
A: no striking features
a: Renounce Religion, Berserk, Trog's Hand


You were on level 3 of the Dungeon.
You worshipped Trog.
Trog was pleased with you.
You visited 1 branch of the dungeon, and saw 3 of its levels.

You collected 178 gold pieces.

Inventory:

Hand Weapons
 a - a +0 mace (weapon)
Armour
 f - a +0 pair of boots (worn)
 n - a +0 ring mail (worn)
 o - the +1 cloak of Starlight (worn) {*Dazzle EV+4 Stlth--}
   (You found it on level 2 of the Dungeon)

   It may blind those who miss an attack against the wearer in melee combat.
   EV:        It affects your evasion (+4).
   Stlth:     It makes you much less stealthy.
Scrolls
 b - 3 scrolls of vulnerability {unknown}
 d - a scroll of blinking {unknown}
 h - 2 scrolls of identify {unknown}
 j - a scroll of enchant armour {unknown}
 l - a scroll of fear {unknown}
 m - a scroll of immolation {unknown}
Potions
 c - 3 potions of attraction {unknown}
 e - a potion of haste {unknown}
 g - a potion of flight {unknown}
 i - a potion of ambrosia {unknown}
 k - 2 potions of curing {unknown}
 p - a potion of mutation {unknown}
 q - a potion of magic {unknown}
 r - a potion of heal wounds {unknown}
 s - a potion of resistance {unknown}


   Skills:
 - Level 3.1 Fighting
 + Level 6.8 Maces & Flails
 - Level 2.0 Armour
 - Level 2.0 Dodging


You had 5 spell levels left.
You didn't know any spells.
Your spell library was empty.

Dungeon Overview and Level Annotations

Branches:
Dungeon (3/15)

Altars:

Shops:
D:2 [


Message History

The gnoll closely misses you. The gnoll hits you but does no damage.
The gnoll closely misses you. x2; The gnoll barely misses you.
You barely miss the gnoll.
The gnoll is heavily wounded.
The gnoll closely misses you. The gnoll barely misses you.
The gnoll hits you but does no damage.
The gnoll hits you from afar with a +0 spear.
* * * LOW HITPOINT WARNING * * *
You hit the gnoll but do no damage.
The gnoll is heavily wounded.
The gnoll completely misses you.
The gnoll's vision is obscured by starry radiance!
The gnoll closely misses you. The gnoll barely misses you.
The gnoll completely misses you.
The gnoll is blinded by the light from your cloak!
The gnoll hits you but does no damage.
The gnoll rages.
The gnoll throws a stone.
The stone barely misses you. The gnoll barely misses you.
Your skin crawls.
You feel strong-willed. The gnoll barely misses you.
The gnoll closely misses you.
You hit the gnoll.
The gnoll is lightly wounded.
The gnoll misses you. The gnoll closely misses you.
The gnoll hits you from afar with a +0 spear.
* * * LOW HITPOINT WARNING * * *
You thump the gnoll!
The gnoll is heavily wounded.
The gnoll misses you.
The gnoll hits you from afar with a +0 spear.
* * * LOW HITPOINT WARNING * * *
You hit the gnoll.
The gnoll is severely wounded.
The gnoll misses you. x2; The gnoll hits you but does no damage.
You hit the gnoll but do no damage.
The gnoll is severely wounded.
The gnoll barely misses you.
The gnoll hits you from afar with a +0 spear!
You die...

# #.# .# #.
##.##.#####
###.##..........
................
.......)......#..#
............# ...#
#.......g..#.#...#
)##...))g##.#....#
#.#....#@##.....#
#.#.####.#.#.....#
.#.##..##.#......#
..##....##$......#
.. .............##
...).........#
#....##......#
.##..##.#.....#
.#.####.#.#....#


You could see 2 gnolls.

Vanquished Creatures
  Sigmund (D:2)
  An orc wizard (D:3)
  4 adders
  A gnoll (D:3)
  3 worms
  2 orcs (D:3)
  2 ball pythons
  6 endoplasms
  A giant cockroach (D:3)
  9 goblins
  2 hobgoblins
  3 jackals (D:1)
  A quokka (D:1)
  8 bats
  A frilled lizard (D:1)
  2 kobolds
  9 rats
56 creatures vanquished.

Vanquished Creatures (others)
  A plant (D:1)
  5 toadstools (D:1)
6 creatures vanquished.

Grand Total: 62 creatures vanquished

Notes
Turn   | Place    | Note
-------+----------+-------------------------------------------
     0 | D:1      | bruuuuuh the Human Berserker began the quest for the Orb.
     0 | D:1      | Reached XP level 1. HP: 18/18 MP: 1/1
   392 | D:1      | Reached XP level 2. HP: 24/24 MP: 2/2
   891 | D:1      | Reached XP level 3. HP: 29/29 MP: 3/3
  1019 | D:1      | Found a faded altar of an unknown god.
  1169 | D:1      | Reached skill level 4 in Maces & Flails
  1782 | D:2      | Reached XP level 4. HP: 20/35 MP: 4/4
  2089 | D:2      | Found the +1 cloak of Starlight {*Dazzle EV+4 Stlth--}
  2148 | D:2      | Found Mabrum Imul's Armour Emporium.
  2332 | D:2      | Noticed Sigmund
  2338 | D:2      | Killed Sigmund
  2339 | D:2      | Reached skill level 6 in Maces & Flails
  2339 | D:2      | Reached XP level 5. HP: 41/41 MP: 5/5
  2339 | D:2      | Reached XP level 6. HP: 47/47 MP: 6/6
  2538 | D:3      | Reached ** piety under Trog
  2711 | D:3      | Slain by a gnoll

Illustrated notes

Levels and vault maps discovered:
D:1:      ncdulo_watergridlock, layout_rooms, ebering_ecumenical_altar_hall,
          minivault_19, minmay_gold_behind_fungi, dk_noncrumbling_3,
          palyth_stone_intersect, serial_bayou_ford_a
D:2:      layout_basic, serial_shops, shop, uniq_sigmund
D:3:      minmay_skewed_foursquare, layout_loops_ring,
          minmay_misc_feat_secret_circle, uniq_crazy_yiuf_cottage

Skill      XL: |  1  2  3  4 |
---------------+-------------+-----
Maces & Flails | 4 6 |  6.8
Fighting       | |  3.1
Armour         | |  2.0
Dodging        | |  2.0

Action                   |  1- 3 |  4- 6 || total
-------------------------+-------+-------++-------
Melee: Mace              |   110 |    96 ||   206
Invok: Berserk           |     1 |     2 ||     3
       Trog's Hand       |       |     1 ||     1
 Stab: Sleeping          |     2 |       ||     2
       Invisible         |       |     2 ||     2
Armor: Animal skin       |    29 |       ||    29
       Ring mail         |    10 |    39 ||    49
Dodge: Dodged            |    99 |   109 ||   208
